 Dungeon Crawl Stone Soup version 0.28-a0-1429-gf3d713df7a (webtiles) character file.

Game seed: 11712415032095549763

48 croobank the Vexing (level 3, -4/14 HPs)
             Began as a Felid Enchanter on Jan 8, 2022.
             Slain by a worm (11 damage)
             ... on level 2 of the Dungeon.
             The game lasted 00:07:20 (1971 turns).

croobank the Vexing (Felid Enchanter)               Turns: 1971, Time: 00:07:20

Health: -4/14      AC:  1    Str:  3 (6)  XL:     3   Next: 50%
Magic:  2/7        EV: 17    Int: 15 (16) God:
Gold:   55         SH:  0    Dex: 15 (16) Spells: 4/6 levels left
                                        Lives:  0   Deaths: 0

rFire   . . .      SeeInvis +     - Unarmed
rCold   . . .      Faith    .   (shield unavailable)
rNeg    . . .      Spirit   .   (armour unavailable)
rPois   .          Reflect  .   (helmet unavailable)
rElec   .          Harm     .   (cloak unavailable)
rCorr   .          Rampage  .   (gloves unavailable)
Will    .....                   (boots unavailable)
Stlth   +++.......              (no amulet)
HPRegen 0.04/turn               (no ring)
MPRegen 0.10/turn               (no ring)

@: quick
A: very small, claws 1, fangs 3, see invisible, speed 1, shaggy fur 1, stealthy
paws, no weapons or thrown items, no armour, multi-lived
a: no special abilities


You were on level 2 of the Dungeon.
You visited 1 branch of the dungeon, and saw 2 of its levels.

You collected 55 gold pieces.

Inventory:

Missiles
 h - 16 stones
Scrolls
 c - a scroll of magic mapping {unknown}
 d - 2 scrolls of blinking {unknown}
 g - 2 scrolls of identify {unknown}
 i - a scroll of fear {unknown}
Potions
 a - a potion of invisibility
 e - a potion of attraction {unknown}
 f - a potion of heal wounds {unknown}


   Skills:
 + Level 3.3 Dodging
 + Level 4.6 Stealth
 + Level 1.7 Unarmed Combat
 + Level 2.3 Spellcasting
 + Level 4.9 Hexes


You had 4 spell levels left.
You knew the following spells:

 Your Spells              Type           Power      Damage    Failure   Level
a - Ensorcelled Hibernat  Hex/Ice        18%        N/A       12%         2

Your spell library contained the following spells:

 Spells                   Type           Power      Damage    Failure   Level
 Confusing Touch          Hex            16%        N/A       9%          3
 Tukima's Dance           Hex            16%        N/A       9%          3
 Dazzling Flash           Conj/Hex       18%        N/A       24%         3


Dungeon Overview and Level Annotations

Branches:
Dungeon (2/15)

Altars:


Innate Abilities, Weirdness & Mutations

You have sharp claws.
You have razor-sharp teeth.
You have supernaturally acute eyesight. (SInv)
You cover ground quickly. (Speed+)
You are covered in fur. (AC +1)
Your paws help you pounce on unaware monsters.
You are incapable of wielding weapons or throwing items.
You cannot wear armour.
You gain extra lives every three experience levels.


Message History

Confirm with . or Enter, or press ? or * to list all spells.
You don't have enough magic to cast this spell.
You scratch the worm.
The worm is lightly wounded.
The worm barely misses you.
You scratch the worm.
The worm is moderately wounded.
You scratch the worm but do no damage.
The worm is moderately wounded.
The worm completely misses you.
You scratch the worm but do no damage. You bite the worm.
The worm is heavily wounded.
The worm bites you!
Ouch! That really hurt!
You scratch the worm. You bite the worm.
The worm is almost dead.
You scratch the worm.
You kill the worm!
Your magical contamination has completely faded away.
Casting: Ensorcelled Hibernation (safe; 11% risk of failure)
Confirm with . or Enter, or press ? or * to list all spells.
You don't know that spell.
Casting: Ensorcelled Hibernation (safe; 11% risk of failure)
Confirm with . or Enter, or press ? or * to list all spells.
Aiming: Ensorcelled Hibernation (safe; 11% risk of failure)
Press: ? - help, Shift-Dir - straight line, f - you, p - worm
Okay, then.
Casting: Ensorcelled Hibernation (safe; 11% risk of failure)
Confirm with . or Enter, or press ? or * to list all spells.
Aiming: Ensorcelled Hibernation (safe; 11% risk of failure)
Press: ? - help, Shift-Dir - straight line, f/p - worm
Aim: a worm (not susceptible)
Okay, then.
Unknown command.
It was a potion of degeneration.
There was something very wrong with that liquid.
You feel weakened.
You feel dopey.
You feel clumsy.
You barely miss the worm. The worm bites you!
Ouch! That really hurt!
You die...

≈≈≈.#.####.#.##
≈≈≈≈.#.# #.#.#
≈≈≈≈.#.####.#.#
.≈≈≈..#......#.#
#.....#########.##
....# #......######
##### #.####......#
#### #.####..# ...# #@#
##.# #.†w..# ##.#
#...^..(# ##.#######
#.^.^.....# ..........
#...^.....#
##.#######.........^...
##.# #.#..>.)....###
##.# #.#.....^..^# ##.#


You could see a worm.

Vanquished Creatures
  An adder (D:2)
  2 worms (D:2)
  An orc (D:2)
  2 bats (D:1)
  5 endoplasms
  2 goblins (D:1)
  2 hobgoblins (D:1)
  4 jackals (D:1)
  5 kobolds (D:1)
  2 ball pythons (D:1)
  A frilled lizard (D:1)
  A rat (D:1)
28 creatures vanquished.

Notes
Turn   | Place    | Note
-------+----------+-------------------------------------------
     0 | D:1      | croobank the Felid Enchanter began the quest for the Orb.
     0 | D:1      | Reached XP level 1. HP: 7/7 MP: 4/4
   135 | D:1      | Reached XP level 2. HP: 11/11 MP: 6/6
   343 | D:1      | Learned a level 2 spell: Ensorcelled Hibernation
   675 | D:1      | Found a faded altar of an unknown god.
  1073 | D:2      | Reached XP level 3. HP: 14/14 MP: 7/7
  1971 | D:2      | Slain by a worm

Illustrated notes

Levels and vault maps discovered:
D:1:      minmay_arrival_split_and_join, layout_loops_corners,
          basic_ecumenical_altar
D:2:      layout_loops_ring, serial_shops, nicolae_lakefront_shop,
          nicolae_wormholes

Skill      XL: |  1  2 |
---------------+-------+-----
Dodging        | 3 |  3.3
Stealth        | |  4.6
Unarmed Combat | |  1.7
Spellcasting   | |  2.3
Hexes          | |  4.9

Action                   || total
-------------------------++-------
Melee: Unarmed           ||    59
       Bite              ||     8
 Cast: Ensorcelled Hiber ||     3
  Use: Potion            ||     1
 Stab: Sleeping          ||    16
Dodge: Dodged            ||    23

Table legend: (Time is in decaauts)
 A = Elapsed time spent in this place.
 B = Non-inter-level travel time spent in this place.
 C = Inter-level travel time spent in this place.
 D = Time resting spent in this place.
 E = Time spent auto-exploring this place.
 F = Levels seen in this place.
 G = Mean time per level.
                   A        B        C        D        E       F      G
               +--------+--------+--------+--------+--------+-----+--------+
         Total |   1734 |   1706 |     28 |    673 |    785 |   2 |  867.0 |
       Dungeon |   1734 |   1706 |     28 |    673 |    785 |   2 |  867.0 |
               +--------+--------+--------+--------+--------+-----+--------+

Top non-repeatable levels by time:
     D:1: 902 daAuts
     D:2: 832 daAuts
